 Dungeon Crawl Stone Soup version 0.31-a0-1008-g5b978dac0e (webtiles) character file.

Game seed: 4819023755951606999

577 Queen the Magician (level 7, 0/36 HPs)
             Began as a Deep Elf Air Elementalist on Nov 13, 2023.
             Slain by a sky beast (5 damage)
             ... on level 5 of the Dungeon.
             The game lasted 00:22:16 (6575 turns).

Queen the Magician (Deep Elf Air Elementalist)      Turns: 6575, Time: 00:22:17

Health: 0/36       AC:  8    Str:  5    XL:     7   Next: 13%
Magic:  16/16      EV: 12    Int: 22    God:
Gold:   63         SH:  0    Dex: 15    Spells: 5/16 levels left

rFire   . . .        m - +4 whip
rCold   . . .        (no shield)
rNeg    . . .        s - +2 leather armour {rPois}
rPois   +            (no helmet)
rElec   .            (no cloak)
rCorr   .            (no gloves)
SInv    .            n - +2 pair of boots
Will    .....        q - amulet of magic regeneration
Stlth   +++          (no ring)
HPRegen 0.26/turn    (no ring)
MPRegen 0.55/turn

%: no passive effects
@: no status effects
A: no striking features
a: no special abilities


You were on level 5 of the Dungeon.
You visited 1 branch of the dungeon, and saw 5 of its levels.

You collected 197 gold pieces.
You spent 134 gold pieces at shops.

Inventory:

Hand Weapons
 m - a +4 whip (weapon)
Armour
 n - a +2 pair of boots (worn)
 s - a +2 leather armour of poison resistance (worn)
Jewellery
 q - an amulet of magic regeneration (around neck)
Wands
 o - a wand of flame (11)
Scrolls
 c - 4 scrolls of teleportation {unknown}
 e - 2 scrolls of enchant armour {unknown}
 g - 2 scrolls of poison {unknown}
 j - a scroll of acquirement {unknown}
 k - a scroll of immolation {unknown}
 r - a scroll of identify {@r1}
Potions
 b - a potion of magic
 d - a potion of might
 f - 3 potions of curing
 h - a potion of haste
 i - a potion of berserk rage
 l - a potion of degeneration
 p - a potion of attraction {unknown}


   Skills:
 + Level 4.5 Dodging
 + Level 4.9 Stealth
 + Level 5.1 Spellcasting
 + Level 3.7 Conjurations
 + Level 1.6 Fire Magic
 + Level 4.4 Air Magic


You had 5 spell levels left.
You knew the following spells:

 Your Spells              Type           Power      Damage    Failure   Level
a - Shock                 Conj/Air       92%        1d8       3%          1
b - Static Discharge      Conj/Air       46%        3-5/arc   4%          2
c - Foxfire               Conj/Fire      68%        2x1d7     5%          1
d - Airstrike             Air            12%        2d(2-18)  26%         4
e - Swiftness             Air            25%        N/A       9%          3

Your spell library contained the following spells:

 Spells                   Type           Power      Damage    Failure   Level
 Leda's Liquefaction      Hex/Erth       2%         N/A       86%         4
 Lee's Rapid Deconstruct  Erth           2%         3d5*      99%         5
 Bombard                  Conj/Erth      6%         9d2       100%        6
 Plasma Beam              Fire/Air       9%         2x1d20    100%        6
 Starburst                Conj/Fire      8%         6d4       100%        6


Dungeon Overview and Level Annotations

Branches:
Dungeon (5/15)
 Temple: D:4-7

Altars:
Okawaru

Shops:
D:2 :=?*

Annotations:
D:1 exclusion: downstairs


Message History

The sky beast is heavily wounded.
The sky beast hits you but does no damage.
Aiming: Shock (safe; 3% risk of failure)
Press: ? - help, Q - select action, (/) - cycle Shift-Dir - straight line The zap hits the sky beast.
The sky beast completely resists.
The sky beast is heavily wounded.
The zap misses the sky beast.
The sky beast flickers out of sight!
Deactivating autopickup; reactivate with Ctrl-A.
Something hits you but does no damage.
Press: ? - help, v - describe, . - travel The floor.
You barely miss something. Something hits you but does no damage.
You hit something. Something hits you but does no damage.
You hit something. Something hits you. Something shocks you.
Casting: Shock (safe; 3% risk of failure)
Confirm with . or Enter, or press ? or * to list all spells.
Okay, then.
Casting: Shock (safe; 3% risk of failure)
Confirm with . or Enter, or press ? or * to list all spells.
You conjure some foxfire!
Something hits you but does no damage.
Casting: Foxfire (safe; 5% risk of failure)
Confirm with . or Enter, or press ? or * to list all spells.
You conjure some foxfire!
The foxfire hits something.
The foxfire hits something but does no damage.
Something hits you but does no damage.
You closely miss something.
The foxfire hits something but does no damage.
Something completely misses you.
You closely miss something. Something hits you but does no damage.
You hit something. Something hits you but does no damage.
You hit something. Something hits you but does no damage.
You barely miss something. Something barely misses you.
You closely miss something. Something hits you. Something shocks you.
You barely miss something. Something hits you. Something shocks you.
* * * LOW HITPOINT WARNING * * *
Something hits you.
* * * LOW HITPOINT WARNING * * *
Something shocks you.
You die...

. ..#...##.#... .
#.#...#......
#.#.#...#...#
##.#.#.......#######
...................#
.####......#..#####.#
......[.......# #.#
.....#{.#.#..#####.#
##># #.@........##.#
#.###+##.##.##.##.#
#.........#.##.##.#
#.........#.##.##.#
#..............##.#
##.............##.#
..........####.#..#
##........+......##
#........####.########


There were no monsters in sight!

Vanquished Creatures
  Sigmund (D:4)
  A scorpion (D:4)
  An orc priest (D:4)
  2 iguanas (D:4)
  10 adders
  10 gnolls
  3 worms
  3 dart slugs
  4 orcs (D:4)
  7 bats
  8 endoplasms
  6 giant cockroaches
  7 goblins
  5 hobgoblins
  2 quokkas
  10 ball pythons
  2 frilled lizards
  7 kobolds
  5 rats
94 creatures vanquished.

Vanquished Creatures (others)
  62 foxfires
62 creatures vanquished.

Grand Total: 156 creatures vanquished

Notes
Turn   | Place    | Note
-------+----------+-------------------------------------------
     0 | D:1      | Queen the Deep Elf Air Elementalist began the quest for the
                  | Orb.
     0 | D:1      | Reached XP level 1. HP: 10/10 MP: 6/6
   239 | D:1      | Reached XP level 2. HP: 15/15 MP: 0/8
   793 | D:1      | Reached XP level 3. HP: 19/19 MP: 7/9
   982 | D:1      | Learned a level 2 spell: Static Discharge
   986 | D:1      | Learned a level 3 spell: Swiftness
  1324 | D:2      | Found Jiol Lad's Book Emporium.
  1539 | D:2      | Found Mautseh's Magic Scroll Shoppe.
  1578 | D:2      | Bought a scroll of identify for 24 gold pieces
  1578 | D:2      | Bought a scroll of identify for 24 gold pieces
  1580 | D:2      | Bought a scroll of fog for 48 gold pieces
  1730 | D:2      | Found Ownuegaps's Assorted Antiques.
  2028 | D:2      | Found Tilusur's Jewellery Emporium.
  2061 | D:2      | Reached XP level 4. HP: 18/24 MP: 5/11
  2321 | D:2      | Learned a level 4 spell: Airstrike
  2501 | D:2      | Found Jiol Lad's Book Emporium.
  2714 | D:2      | Found Tilusur's Jewellery Emporium.
  2766 | D:2      | Found Mautseh's Magic Scroll Shoppe.
  2889 | D:2      | Found Ownuegaps's Assorted Antiques.
  2968 | D:2      | Reached skill level 4 in Spellcasting
  3164 | D:2      | Found Jiol Lad's Book Emporium.
  3322 | D:2      | Found Ownuegaps's Assorted Antiques.
  3447 | D:2      | Found Mautseh's Magic Scroll Shoppe.
  3586 | D:2      | Found Tilusur's Jewellery Emporium.
  3898 | D:2      | Bought a scroll of identify for 38 gold pieces
  4094 | D:3      | Reached XP level 5. HP: 28/28 MP: 9/13
  4124 | D:3      | Found an iron altar of Okawaru.
  5303 | D:4      | Reached XP level 6. HP: 29/32 MP: 12/14
  5321 | D:4      | Noticed Sigmund
  5371 | D:4      | Learned a level 1 spell: Foxfire
  5410 | D:4      | Killed Sigmund
  5411 | D:4      | Reached skill level 5 in Spellcasting
  5411 | D:4      | Reached skill level 1 in Fire Magic
  5560 | D:4      | Reached XP level 7. HP: 26/36 MP: 11/16
  6440 | D:5      | Entered Level 5 of the Dungeon
  6575 | D:5      | Slain by a sky beast

Illustrated notes

Levels and vault maps discovered:
D:1:      dpeg_arrival_pond, layout_loops_cross
D:2:      layout_basic, serial_shops, nicolae_diamond_shop, shop, shop,
          nicolae_shop_tiny_waterfront
D:3:      layout_basic, okawaru_gym_becter
D:4:      layout_loops_ring, uniq_sigmund
D:5:      layout_basic, uniq_duvessa, uniq_blork_the_orc

Skill      XL: |  1  2  3  4  5  6 |
---------------+-------------------+-----
Stealth        | 3 4 |  4.9
Dodging        | 3 4 |  4.5
Conjurations   | 2 3 |  3.7
Spellcasting   | 4 5 |  5.1
Air Magic      | 4 |  4.4
Fire Magic     | 1 |  1.6

Action                     |  1- 3 |  4- 6 |  7- 9 || total
---------------------------+-------+-------+-------++-------
  Melee: Whip              |       |     1 |    10 ||    11
   Cast: Shock             |    84 |   106 |    10 ||   200
         Static Discharge  |     4 |    11 |     1 ||    16
         Swiftness         |       |     1 |       ||     1
         Foxfire           |       |    19 |    19 ||    38
    Use: Scroll            |     2 |     4 |       ||     6
 Armour: Robe              |    14 |    22 |       ||    36
         Leather armour    |       |       |    19 ||    19
  Dodge: Dodged            |     5 |     9 |     3 ||    17

Table legend: (Time is in decaauts)
 A = Elapsed time spent in this place.
 B = Non-inter-level travel time spent in this place.
 C = Inter-level travel time spent in this place.
 D = Time resting spent in this place.
 E = Time spent auto-exploring this place.
 F = Levels seen in this place.
 G = Mean time per level.
                   A        B        C        D        E       F      G
               +--------+--------+--------+--------+--------+-----+--------+
         Total |   6576 |   6298 |    278 |   1045 |   4514 |   5 | 1315.2 |
       Dungeon |   6576 |   6298 |    278 |   1045 |   4514 |   5 | 1315.2 |
               +--------+--------+--------+--------+--------+-----+--------+

Top non-repeatable levels by time:
     D:2: 2775 daAuts
     D:4: 1396 daAuts
     D:1: 1156 daAuts
     D:3: 1112 daAuts
     D:5: 135 daAuts
